 Dungeon Crawl Stone Soup version 0.27-a0-385-g3208abaabc (webtiles) character file.

Game seed: 3422666590456068408

294 halftheisland the Covert (level 6, -5/29 HPs)
             Began as a Spriggan Enchanter on Feb 19, 2021.
             Slain by Grinder (7 damage)
             ... while paralysed by Grinder
             ... on level 4 of the Dungeon.
             The game lasted 00:16:46 (4359 turns).

halftheisland the Covert (Spriggan Enchanter)       Turns: 4359, Time: 00:16:47

Health: -5/29      AC:  3    Str:  4    XL:     6   Next: 11%
Magic:  5/12       EV:  4    Int: 17    God:
Gold:   72         SH:  0    Dex: 17    Spells: 2/12 levels left

rFire    . . .     SeeInvis +   a - +2 dagger
rCold    . . .     Faith    .   (shield restricted)
rNeg     + . .     Spirit   .   b - +0 robe
rPois    .         Reflect  .   (helmet restricted)
rElec    .         Harm     .   q - +0 cloak {Stlth+}
rCorr    .         Rampage  .   (gloves unavailable)
Will     +....                  (boots unavailable)
Stlth    ++++......             (no amulet)
HPRegen  0.09/turn              c - ring of positive energy
MPRegen  0.13/turn              (no ring)

@: paralysed, very quick
A: very small, unfitting armour, see invisible, speed 3
a: no special abilities


You were on level 4 of the Dungeon.
You visited 1 branch of the dungeon, and saw 4 of its levels.

You collected 72 gold pieces.

Inventory:

Hand Weapons
 a - a +2 dagger (weapon)
 l - a +1 vorpal spear
 p - a +4 quarterstaff of chaos
Missiles
 e - 5 boomerangs
 f - 19 poisoned darts (quivered)
Armour
 b - a +0 robe (worn)
 q - a +0 cloak of stealth (worn)
Jewellery
 c - a ring of positive energy (left hand)
 k - a +4 ring of evasion {unknown}
Scrolls
 d - a scroll of enchant armour {unknown}
 g - 3 scrolls of magic mapping
 i - a scroll of enchant weapon
 n - a scroll of identify
 r - a scroll of amnesia
Potions
 h - 2 potions of cancellation {unknown}
 m - a potion of flight


   Skills:
 + Level 0.3 Fighting
 * Level 2.3 Short Blades
 + Level 0.1 Throwing
 + Level 3.0 Dodging
 * Level 8.3 Stealth
 * Level 3.9 Spellcasting
 + Level 4.1 Hexes
 + Level 1.1 Ice Magic


You had 2 spell levels left.
You knew the following spells:

 Your Spells              Type           Power        Failure   Level
a - Corona                Hex            18%          3%          1
b - Ensorcelled Hibernat  Hex/Ice        24%          9%          2
c - Confusing Touch       Hex            17%          9%          3
d - Dazzling Flash        Conj/Hex       20%          21%         3
e - Magic Dart            Conj           12%          16%         1

Your spell library contained the following spells:

 Spells                   Type           Power        Failure   Level
 Searing Ray              Conj           6%           24%         2
 Tukima's Dance           Hex            17%          9%          3
 Fulminant Prism          Conj/Hex       5%           56%         4
 Iskenderun's Mystic Bla  Conj/Tloc      3%           85%         4


Dungeon Overview and Level Annotations

Branches:
Dungeon (4/15)
 Temple: D:4-7

Altars:

Annotations:
D:4 Grinder


Innate Abilities, Weirdness & Mutations

You are very small and have problems with some larger weapons.
You are too small for most types of armour.
You have supernaturally acute eyesight. (SInv)
You cover ground extremely quickly.


Message History

Aim: Grinder (lightly wounded, poisoned, 55% to hit)
You throw a poisoned dart.
The poisoned dart closely misses Grinder.
Grinder looks more healthy.
Throw: 22 darts (poison)
Press: ? - help, Q - select action, (/) - cycle Shift-Dir - straight line, f/p - Grinder
Aim: Grinder (moderately wounded, 55% to hit)
You throw a poisoned dart. The poisoned dart hits Grinder.
Grinder is moderately wounded.
Grinder hits you!
* * * LOW HITPOINT WARNING * * *
Grinder gestures at you.
You easily resist.
You see here a poisoned dart.
Throw: 21 darts (poison)
Press: ? - help, Q - select action, (/) - cycle Shift-Dir - straight line, f/p - Grinder
Aim: Grinder (moderately wounded, 55% to hit)
You throw a poisoned dart. The poisoned dart hits Grinder.
Grinder is moderately wounded.
Grinder says, "My boss said I was rubbish.
His entrails said otherwise."
Throw: 20 darts (poison)
Press: ? - help, Q - select action, (/) - cycle Shift-Dir - straight line, f/p - Grinder
Aim: Grinder (moderately wounded, 55% to hit)
You throw a poisoned dart.
The poisoned dart closely misses Grinder.
Found 6 gold pieces.
Grinder gestures at you.
You suddenly lose the ability to move!
Grinder gestures at you.
You shrug off the repeated paralysis!
Grinder hits you.
* * * LOW HITPOINT WARNING * * *
You writhe in agony.
* * * LOW HITPOINT WARNING * * *
Grinder hits you.
* * * LOW HITPOINT WARNING * * *
You writhe in agony.
* * * LOW HITPOINT WARNING * * *
Grinder hits you!
You die...

....# ##...##.#
.....##.# # #...##.#.#
#...##.#.#
#####>..#.#.#
#......(....#####
######.####...........
+.....)# #..#@#..#
######.####(.#5#..###
..#####..((((.........#
........(.....(..#..#.#
##.####..#####.###..#
#..# #.# $# #..# #.# ..
#..# #.# #. #..# #.# .#


You could see Grinder.

Vanquished Creatures
  A hound (D:3)
  Crazy Yiuf (D:3)
  Natasha (thrice) (D:2)
  Robin (D:3)
  6 adders
  2 worms
  2 dart slugs (D:2)
  2 leopard geckos (D:1)
  5 orcs (D:3)
  4 bats
  5 giant cockroaches
  12 goblins
  9 hobgoblins
  4 jackals (D:2)
  2 quokkas (D:2)
  8 frilled lizards
  4 kobolds
  12 rats
83 creatures vanquished.

Vanquished Creatures (others)
  3 fungi (D:3)
3 creatures vanquished.

Grand Total: 86 creatures vanquished

Notes
Turn   | Place    | Note
-------+----------+-------------------------------------------
     0 | D:1      | halftheisland the Spriggan Enchanter began the quest for
                  | the Orb.
     0 | D:1      | Reached XP level 1. HP: 9/9 MP: 5/5
   197 | D:1      | Reached skill level 5 in Stealth
   298 | D:1      | Reached XP level 2. HP: 7/13 MP: 4/6
   305 | D:1      | Learned a level 2 spell: Ensorcelled Hibernation
   569 | D:1      | You fall into a shaft and drop 1 floor!
   875 | D:2      | Reached XP level 3. HP: 15/16 MP: 6/8
   904 | D:2      | Noticed Natasha
   906 | D:2      | Killed Natasha
   907 | D:2      | Reached skill level 6 in Stealth
   916 | D:2      | Learned a level 3 spell: Confusing Touch
  1136 | D:2      | Reached XP level 4. HP: 21/21 MP: 9/9
  1140 | D:2      | Learned a level 3 spell: Dazzling Flash
  1449 | D:2      | Noticed Natasha
  1454 | D:2      | Killed Natasha
  1455 | D:2      | Reached skill level 7 in Stealth
  1683 | D:2      | Noticed Natasha
  1691 | D:2      | Killed Natasha
  2090 | D:1      | Reached XP level 5. HP: 15/24 MP: 1/11
  2969 | D:3      | Noticed Robin
  2980 | D:3      | Killed Robin
  3054 | D:3      | Reached skill level 8 in Stealth
  3247 | D:3      | Learned a level 1 spell: Magic Dart
  3394 | D:3      | Found a runed translucent door.
  3395 | D:3      | Noticed Crazy Yiuf
  3403 | D:3      | Killed Crazy Yiuf
  3555 | D:3      | Reached XP level 6. HP: 29/29 MP: 5/12
  3998 | D:3      | Found a faded altar of an unknown god.
  4271 | D:4      | Noticed Grinder
  4309 | D:4      | Reached skill level 1 in Ice Magic
  4327 | D:4      | Paralysed by Grinder for 6 turns
  4354 | D:4      | Paralysed by Grinder for 6 turns
  4359 | D:4      | Slain by Grinder

Illustrated notes

Levels and vault maps discovered:
D:1:      psy_arrival_spokes, layout_rooms
D:2:      layout_basic, moated_statue, uniq_natasha
D:3:      layout_loops_ring, chequers_ecumenical_altar_simple_redux,
          uniq_crazy_yiuf_cottage, uniq_robin
D:4:      layout_basic, serial_shops, nicolae_shop_crystal, uniq_sigmund,
          uniq_grinder

Skill      XL: |  1  2  3  4  5  6 |
---------------+-------------------+-----
Stealth        | 5 6 7 8 |  8.3
Spellcasting   | 3 |  3.9
Short Blades   | 2 |  2.3
Hexes          | 4 |  4.1
Dodging        | 3 |  3.0
Ice Magic      | 1 |  1.1
Fighting       | |  0.3
Throwing       | |  0.1

Action                   |  1- 3 |  4- 6 || total
-------------------------+-------+-------++-------
Melee: Dagger            |    57 |   125 ||   182
Throw: Dart              |       |    18 ||    18
 Cast: Corona            |     8 |       ||     8
       Ensorcelled Hiber |    11 |    47 ||    58
       Magic Dart        |       |     2 ||     2
       Dazzling Flash    |       |     2 ||     2
       Confusing Touch   |       |     1 ||     1
  Use: Scroll            |     4 |     5 ||     9
       Potion            |     1 |     6 ||     7
 Stab: Sleeping          |    15 |    45 ||    60
       Distracted        |       |     2 ||     2
       Invisible         |       |     1 ||     1
Armor: Robe              |     6 |    14 ||    20
Dodge: Dodged            |    37 |   112 ||   149

Table legend: (Time is in decaauts)
 A = Elapsed time spent in this place.
 B = Non-inter-level travel time spent in this place.
 C = Inter-level travel time spent in this place.
 D = Time resting spent in this place.
 E = Time spent auto-exploring this place.
 F = Levels seen in this place.
 G = Mean time per level.
                   A        B        C        D        E       F      G
               +--------+--------+--------+--------+--------+-----+--------+
         Total |   3594 |   3529 |     65 |   2070 |    804 |   4 |  898.5 |
       Dungeon |   3594 |   3529 |     65 |   2070 |    804 |   4 |  898.5 |
               +--------+--------+--------+--------+--------+-----+--------+

Top non-repeatable levels by time:
     D:3: 1407 daAuts
     D:2: 1110 daAuts
     D:1: 994 daAuts
     D:4: 83 daAuts
